 Dungeon Crawl Stone Soup version 0.30-a0-1160-g6e42c06551 (webtiles) character file.

Game seed: 2867147495198863787

7 kae the Insei (level 1, 0/15 HPs)
             Began as a Demigod Transmuter on Apr 25, 2023.
             Slain by a quokka (3 damage)
             ... on level 1 of the Dungeon.
             The game lasted 00:00:09 (126 turns).

kae the Insei (Demigod Transmuter)                   Turns: 126, Time: 00:00:09

Health: 0/15       AC:  2    Str: 11    XL:     1   Next: 73%
Magic:  4/5        EV: 12    Int: 15    God:
Gold:   13         SH:  0    Dex: 14    Spells: 3/4 levels left

rFire   . .          .
                       - Unarmed
rCold   . . .        (no shield)
rNeg    . . .        a - +0 robe
rPois   .            (helmet currently unavailable)
rElec   .            (no cloak)
rCorr   .            (no gloves)
SInv    .            (boots currently unavailable)
Will    .....        (no amulet)
Stlth   +            (no ring)
HPRegen 0.22/turn    (no ring)
MPRegen 0.09/turn

%: no passive effects
@: appendages (expiring)
A: horns 2, talons 2, high MP 1, forlorn, divine attributes
a: End Transformation


You were on level 1 of the Dungeon.
You had temporarily grown beastly horns and talons.
You visited 1 branch of the dungeon, and saw 1 of its levels.

You collected 13 gold pieces.


Innate Abilities, Weirdness & Mutations

You have temporarily grown beastly horns and talons.
You have an increased reservoir of magic. (+10% MP)
You shall have no god before yourself.
Your divine heritage dramatically boosts your attributes as you level up.


   Skills:
 - Level 0.8 Fighting
 - Level 1.7 Dodging
 - Level 2.6 Unarmed Combat
 + Level 2.1 Spellcasting
 + Level 2.1 Transmutations


You had 3 spell levels left.
You knew the following spells:

 Your Spells              Type           Power      Damage    Failure   Level
a - Beastly Appendage     Tmut           16%        N/A       9%          1

Your spell library contained the following spells:

 Spells                   Type           Power      Damage    Failure   Level
 Wereblood                Tmut           8%         N/A       14%         2
 Sandblast                Erth           2%         2d4       22%         1
 Passwall                 Tmut/Erth      3%         N/A       22%         2
 Spider Form              Tmut/Pois      4%         N/A       38%         3
 Stone Arrow              Conj/Erth      2%         3d7       54%         3
 Ice Form                 Ice/Tmut       4%         N/A       80%         4

Inventory:

Missiles
 d - 7 stones
Armour
 a - a +0 robe (worn)
Potions
 b - a potion of lignification {!q}
 c - a potion of degeneration {unknown}

Dungeon Overview and Level Annotations

Branches:
Dungeon (1/15) Zot: 5873

#.## #... #..# #
#..# ###. # #..# ...
. #..##.##.#
#r.#...#.# ###
#.@....... ...
#.†#...##. ..#
##..##.## #.#
#......# #.#
#.###..# #†# #. #..#
##.##
#.###..######...##
#.........##.#.#.###
#####.###.##.#......


You could see a quokka.


Message History

You hit the ball python. Your kick misses the ball python.
The ball python barely misses you. The ball python constricts you.
You hit the ball python.
You kill the ball python!
The rat bites you.
You barely miss the rat. Your kick misses the rat.
The rat completely misses you. 😕 HP[-2]
You take 2 damage, and now have 13/15 hp.
You hit the rat.
You kill the rat!
No target in view!
No target in view!
No target in view!
Your horns disappear.
Your talons disappear.
c - a puce potion 😎 HP[+2] MP[+1]
Your hp is fully restored (15).
Your mp is fully restored (5).
Unknown command.
d - 7 stones A hobgoblin and a bat come into view.
There are monsters nearby!
There are monsters nearby!
There are monsters nearby!
The hobgoblin shouts!
You hit the bat but do no damage. The bat misses you.
Casting: Beastly Appendage (safe; 11% risk of failure)
Confirm with . or Enter, or press ? or * to list all spells.
You grow a pair of large bovine horns.
Your feet morph into talons.
The bat hits you but does no damage. The bat barely misses you.
The bat misses you. 😎 MP[-1]
You lost 1 mp, and now have 4/5 mp.
You hit the bat.
Your transformation is almost over.
The bat barely misses you. The bat closely misses you. The bat hits you.
You barely miss the bat. Your headbutt misses the bat. The bat hits you.
The bat misses you. 😕 HP[-2]
You take 2 damage, and now have 13/15 hp.
There are monsters nearby!
You closely miss the bat. Your headbutt misses the bat.
The bat barely misses you.
You hit the bat. The bat hits you but does no damage.
There are monsters nearby!
You barely miss the bat. The bat barely misses you.
The bat hits you but does no damage.
You hit the bat.
You kill the bat! 😕 HP[+1]
A hobgoblin is nearby!
You hit the hobgoblin. You headbutt the hobgoblin.
You kill the hobgoblin!
Your Spellcasting skill increases to level 2!
Your Transmutations skill increases to level 2!
No target in view!
Your horns disappear.
Your talons disappear.
A giant cockroach comes into view. 😎 HP[+1] MP[+1]
Your hp is fully restored (15).
Your mp is fully restored (5).
A hobgoblin comes into view.
The giant cockroach closely misses you.
You hit the giant cockroach.
You kill the giant cockroach!
A hobgoblin is nearby!
A quokka comes into view.
You see here a giant cockroach corpse.
There are monsters nearby!
There are monsters nearby!
Casting: Beastly Appendage (safe; 10% risk of failure)
Confirm with . or Enter, or press ? or * to list all spells.
You grow a pair of large bovine horns.
Your feet morph into talons.
The hobgoblin hits you. The hobgoblin hits you.
* * * LOW HITPOINT WARNING * * *
😨 HP[-8] MP[-1]
You take 8 damage, and now have 7/15 hp.
MASSIVE DAMAGE!! (PAUSE)
You lost 1 mp, and now have 4/5 mp.
You barely miss the hobgoblin. Your kick misses the hobgoblin.
The hobgoblin closely misses you.
You hit the hobgoblin. Your headbutt misses the hobgoblin.
The hobgoblin closely misses you.
You closely miss the hobgoblin.
The hobgoblin closely misses you. 😮 HP[+1]
You hit the hobgoblin but do no damage.
Your transformation is almost over.
The hobgoblin hits you.
* * * LOW HITPOINT WARNING * * *
😨 HP[-2]
You take 2 damage, and now have 6/15 hp.
You hit the hobgoblin.
You kill the hobgoblin!
The quokka bites you.
* * * LOW HITPOINT WARNING * * *
The quokka closely misses you. 😱 HP[-3]
You take 3 damage, and now have 3/15 hp.
You closely miss the quokka. The quokka bites you.
You die...

Skill      XL: |  1 |
---------------+----+-----
Spellcasting   | 2 |  2.1
Transmutations | 2 |  2.1
Fighting       | |  0.8
Dodging        | |  1.7
Unarmed Combat | |  2.6

Action                     || total
---------------------------++-------
  Melee: Unarmed           ||    19
         Headbutt          ||     1
   Cast: Beastly Appendage ||     3
 Armour: Robe              ||     4
  Dodge: Dodged            ||    17

Levels and vault maps discovered:
D:1:      onia_arrival_pyramid, layout_loops_ring, grunt_decor_mini_mirrors

Notes
Turn   | Place    | Note
-------+----------+-------------------------------------------
     0 | D:1      | kae the Demigod Transmuter began the quest for the Orb.
     0 | D:1      | Reached XP level 1. HP: 15/15 MP: 5/5
     0 | D:1      | magus.rc [v1.11.3]
     7 | D:1      | You pick up a book of Geomancy and begin reading...
     7 | D:1      | You add the spells Sandblast, Passwall and Stone Arrow to
                  | your library.
    94 | D:1      | Reached skill level 2 in Spellcasting
    94 | D:1      | Reached skill level 2 in Transmutations
   125 | D:1      | HP: 3/15 [quokka (3)]
   126 | D:1      | Slain by a quokka

Vanquished Creatures
  A ball python (D:1)
  A bat (D:1)
  A giant cockroach (D:1)
  2 hobgoblins (D:1)
  A rat (D:1)
6 creatures vanquished.

Table legend:
 A = Non-vault XP
 B = Vault XP
 C = Vault XP percentage of total XP
 D = Non-vault monster count
 E = Vault monster count
 F = Vault count percentage of total count
                 A         B        C        D         E       F
            +---------+---------+-------+---------+---------+-------
      Total |      11 |       0 |   0.0 |       6 |       0 |   0.0
            +---------+---------+-------+---------+---------+-------
        D:1 |      11 |       0 |   0.0 |       6 |       0 |   0.0
            +---------+---------+-------+---------+---------+-------

Skill      XL: |  1 |
---------------+----+-----
Spellcasting   | 2 |  2.1
Transmutations | 2 |  2.1
Fighting       | |  0.8
Dodging        | |  1.7
Unarmed Combat | |  2.6

Action                     || total
---------------------------++-------
  Melee: Unarmed           ||    19
         Headbutt          ||     1
   Cast: Beastly Appendage ||     3
 Armour: Robe              ||     4
  Dodge: Dodged            ||    17

Illustrated notes

Table legend:
 A = Kills in this place as a percentage of kills in the entire game.
 B = Kills by you in this place as a percentage of kills by you in the entire game.
 C = Kills by friends in this place as a percentage of kills by friends in the entire game.
 D = Other kills in this place as a percentage of other kills in the entire game.
 E = Experience gained in this place as a percentage of experience gained in the entire game.
 F = Experience gained in this place divided by the number of levels of this place that you have seen.
                   A       B       C       D       E      F
               +-------+-------+-------+-------+-------+----------------------
         Total | 100.0 | 100.0 |   N/A |   N/A | 100.0 |  11.0
       Dungeon | 100.0 | 100.0 |   N/A |   N/A | 100.0 |  11.0
               +-------+-------+-------+-------+-------+----------------------

Table legend: (Time is in decaauts)
 A = Elapsed time spent in this place.
 B = Non-inter-level travel time spent in this place.
 C = Inter-level travel time spent in this place.
 D = Time resting spent in this place.
 E = Time spent auto-exploring this place.
 F = Levels seen in this place.
 G = Mean time per level.
                   A        B        C        D        E       F      G
               +--------+--------+--------+--------+--------+-----+--------+
         Total |    125 |    125 |      0 |      0 |     88 |   1 |  125.0 |
       Dungeon |    125 |    125 |      0 |      0 |     88 |   1 |  125.0 |
               +--------+--------+--------+--------+--------+-----+--------+

Top non-repeatable levels by time:
     D:1: 125 daAuts
